 Dungeon Crawl Stone Soup version 0.26.1-2-gb8aa6d0cf2 (webtiles) character file.

Game seed: 5298595681697501400

3275 Gadfly the Cudgeller (level 9, 0/88 HPs)
             Began as a Troll Delver on Feb 25, 2021.
             Was an Initiate of Gozag.
             Slain by a large abomination (20 damage)
             ... on level 1 of the Abyss.
             The game lasted 00:16:28 (8362 turns).

Gadfly the Cudgeller (Troll Delver)                 Turns: 8362, Time: 00:16:28

Health: 0/88       AC:  8    Str: 24    XL:     9   Next: 68%
Magic:  8/8        EV: 14    Int:  6    God:    Gozag
Gold:   961        SH:  0    Dex: 12    Spells: 8/8 levels left

rFire    . . .     SeeInvis .   a - +0 flail
rCold    . . .     Faith    .   (no shield)
rNeg     . . .     Spirit   .   u - +0 robe
rPois    .         Reflect  .   (helmet restricted)
rElec    .         Harm     .   i - +1 cloak
rCorr    .         Rampage  .   (gloves unavailable)
Will     .....                  (boots unavailable)
Stlth    ++........             k - amulet of regeneration
HPRegen  1.04/turn              t - +4 ring of evasion
MPRegen  0.11/turn              (no ring)

@: about to teleport
A: large, unfitting armour, claws 3, regeneration 1, shaggy fur 1, tough skin 3
a: Renounce Religion, Potion Petition, Call Merchant, Bribe Branch


You were on level 1 of the Abyss.
You worshipped Gozag.
Gozag was pleased with you.
You visited 2 branches of the dungeon, and saw 8 of its levels.
You visited the Abyss 1 time.
You also visited: Ossuary.

You collected 1014 gold pieces.
You paid 53 gold pieces to Gozag.

Inventory:

Hand Weapons
 a - a +0 flail (weapon)
 b - a +0 dagger of venom
 s - a +3 scimitar of freezing
Armour
 i - a +1 cloak (worn)
 u - a +0 robe (worn)
Jewellery
 k - an amulet of regeneration (around neck)
 r - an uncursed amulet of reflection
 t - a +4 ring of evasion (left claw)
Wands
 g - a wand of digging (3)
 l - a wand of paralysis (1)
 q - a wand of polymorph (4)
 w - a wand of acid (11) (quivered)
Scrolls
 c - 4 scrolls of fog
 d - a scroll of identify
 e - 4 scrolls of fear
 n - 9 scrolls of remove curse
Potions
 f - 4 potions of haste
 h - 5 potions of curing
 j - a potion of heal wounds
 m - a potion of flight
 o - 2 potions of ambrosia
 p - 2 potions of mutation


   Skills:
 + Level 5.2 Fighting
 * Level 7.7 Maces & Flails
 + Level 5.5 Armour
 - Level 1.5 Dodging
 - Level 2.7 Stealth
 + Level 5.0 Evocations


You had 8 spell levels left.
You didn't know any spells.
Your spell library contained the following spells:

 Spells                   Type           Power        Failure   Level
 Summon Small Mammal      Summ           0%           45%         1
 Call Imp                 Summ           0%           58%         2
 Call Canine Familiar     Summ           0%           83%         3
 Summon Guardian Golem    Hex/Summ       0%           83%         3
 Summon Ice Beast         Ice/Summ       0%           99%         4
 Summon Lightning Spire   Summ/Air       0%           99%         4


Dungeon Overview and Level Annotations

Branches:
Dungeon (7/15)             Temple (1/1) D:4         Ossuary (visited)

Altars:
Ashenzari
Cheibriados
Dithmenos
Elyvilon
Fedhas
Gozag
Hepliaklqana
Nemelex Xobeh
Qazlal
Ru
Sif Muna
Trog
Uskayaw
Vehumet
Wu Jian
Xom
Zin
The Shining One

Annotations:
D:6 1 runed translucent door, hawla's ghost, novice DrCj
D:7 1 transporter, Maggie; Rennog's ghost, novice DsBe


Innate Abilities, Weirdness & Mutations

You are too large for most types of armour.
You have claws for hands.
Your natural rate of healing is unusually fast.
You are covered in fur. (AC +1)
You have extremely tough skin. (AC +3)


Message History

A large abomination is nearby!
Okay, then.
You hit the large abomination but do no damage.
The large abomination hits you!!
You barely miss the large abomination. The large abomination hits you!!
You hit the large abomination.
The large abomination is lightly damaged.
The large abomination hits you!
* * * LOW HITPOINT WARNING * * *
Okay, then.
Blink to where?
Press: ? - help, Dir - move target
As you read the scroll of blinking, it crumbles to dust.
You see here 23 sling bullets.
As you read the scroll of teleportation, it crumbles to dust.
You feel strangely unstable.
You feel the power of the Abyss delaying your translocation!
The large abomination hits you!!
You die...
Your body crumbles into a pile of gold.

# . ## .#
# # # ..
#.# # # #
##. . ## §
.. . .##.
..§#
#..... #.
#
.#####.#..
. #.#..##.
#. ###
#..X##..
.# . .
##.##@#
#.#
#.(###..#
.## ####
.### .X..
. #..#
#.#.. #. #
..# . .#.
. .#.#


You could see a large abomination.

Vanquished Creatures
  A dire elephant skeleton (Abyss:1)
  Sigmund (D:6)
  2 sky beasts
  2 phantoms
  An ogre (D:5)
  A centaur (D:5)
  A wyvern skeleton (D:3)
  8 scorpions
  A water moccasin skeleton (D:7)
  5 wights
  4 howler monkeys
  3 centaur zombies
  5 bullfrog skeletons
  A hound (D:7)
  A jelly (D:6)
  8 orc wizards
  A human zombie (Ossuary)
  7 orc priests
  Natasha (twice) (D:2)
  7 worker ants
  A big kobold zombie (Ossuary)
  A hound skeleton (D:4)
  3 mummies (Ossuary)
  A worker ant zombie (D:7)
  3 scorpion zombies (Ossuary)
  13 adders
  A shadow imp (D:5)
  5 white imps
  An ufetubus (D:6)
  3 oozes
  3 worms
  3 dart slugs
  3 leopard geckos
  26 orcs
  9 giant cockroaches
  3 gnoll zombies (Ossuary)
  9 goblins
  5 hobgoblins
  14 jackals
  11 kobolds
  4 quokkas
  A ball python (D:6)
  6 bats
  6 frilled lizards
  7 goblin zombies (Ossuary)
  2 hobgoblin zombies (Ossuary)
  A jackal skeleton (D:7)
  3 orc zombies (Ossuary)
  3 rats
213 creatures vanquished.

Vanquished Creatures (others)
  Natasha (D:2)
1 creature vanquished.

Grand Total: 214 creatures vanquished

Notes
Turn   | Place    | Note
-------+----------+-------------------------------------------
     0 | D:5      | Gadfly the Troll Delver began the quest for the Orb.
     0 | D:5      | Reached XP level 1. HP: 22/22 MP: 0/0
    25 | D:5      | Noticed an orc wizard
    25 | D:5      | Noticed a worker ant
    26 | D:5      | Noticed an orc wizard
    32 | D:5      | Killed a worker ant
    33 | D:5      | Reached skill level 2 in Maces & Flails
    33 | D:5      | Reached skill level 1 in Armour
    33 | D:5      | Reached skill level 1 in Evocations
    33 | D:5      | Reached XP level 2. HP: 23/29 MP: 1/1
   104 | D:3      | Reached XP level 3. HP: 36/36 MP: 2/2
  1087 | D:1      | Reached XP level 4. HP: 44/44 MP: 3/3
  1198 | D:2      | Noticed Natasha
  1208 | D:2      | Killed Natasha
  1272 | D:2      | Noticed Natasha
  1279 | D:2      | Killed Natasha
  1393 | D:2      | Reached XP level 5. HP: 50/50 MP: 4/4
  1441 | D:2      | Noticed Natasha
  2339 | D:2      | Killed Natasha
  2515 | D:3      | HP: 2/50 [orc wizard/+0 dagger (4)]
  2517 | D:3      | Reached XP level 6. HP: 4/59 MP: 5/5
  2662 | D:3      | Reached skill level 3 in Maces & Flails
  3548 | D:4      | Reached XP level 7. HP: 50/66 MP: 6/6
  3606 | D:4      | Found a radiant altar of Vehumet.
  3658 | D:4      | Reached skill level 4 in Maces & Flails
  3717 | D:4      | Found a staircase to the Ecumenical Temple.
  3799 | Temple   | Entered the Ecumenical Temple
  3886 | Temple   | Became a worshipper of Gozag Ym Sagoz the Greedy
  4133 | D:4      | Found a glowing silver altar of Zin.
  5252 | D:5      | Reached skill level 5 in Maces & Flails
  5252 | D:5      | Reached XP level 8. HP: 26/75 MP: 7/7
  5369 | D:5      | Found an opulent altar of Gozag.
  6102 | D:5      | Reached skill level 6 in Maces & Flails
  6314 | D:6      | Noticed Sigmund
  6355 | D:6      | Killed Sigmund
  6399 | D:6      | Reached XP level 9. HP: 39/80 MP: 8/8
  6640 | D:6      | Found a runed translucent door.
  6659 | D:6      | Noticed hawla's ghost (novice DrCj)
  7128 | D:7      | Found a sand-covered staircase.
  7148 | Ossuary  | Entered an ossuary
  7187 | Ossuary  | Reached skill level 5 in Armour
  7354 | Ossuary  | Reached skill level 7 in Maces & Flails
  7671 | D:7      | Found a transporter.
  7681 | D:7      | Noticed Rennog's ghost (novice DsBe)
  7692 | D:7      | Noticed a six-headed hydra
  7723 | D:7      | Reached skill level 5 in Fighting
  7736 | D:7      | Noticed Maggie
  7762 | D:7      | Cast into level 1 of the Abyss (Maggie)
  7812 | Abyss:1  | Noticed a large abomination
  7869 | Abyss:1  | Reached skill level 5 in Evocations
  8296 | Abyss:1  | Noticed an orange demon
  8312 | Abyss:1  | Noticed a hellwing
  8318 | Abyss:1  | Found a corrupted altar of Lugonu.
  8362 | Abyss:1  | Slain by a large abomination

Illustrated notes

Levels and vault maps discovered:
D:1:      dpeg_arrival_signposts, layout_basic, minmay_heptomino_o4
D:2:      layout_loops_ring, uniq_natasha
D:3:      layout_basic, minmay_misc_feat_nine_boxes
D:4:      minmay_chambers_of_twos, layout_basic, marbit_many_paths,
          old_standard_altar, minmay_temple_entry_mini_moons
D:5:      layout_loops_cross, nicolae_gozag_cash_rules_everything_around_me
D:6:      lemuel_upstairs_altar, layout_rooms, ebering_ghost_reflecting_pool,
          moated_statue, uniq_sigmund
D:7:      layout_cave_pools, nzn_ghost_randoct, chequers_ossuary_entry_cave,
          uniq_maggie
Temple:   nicolae_temple_elliptical
Abyss:1:  base:
D:3

Skill      XL: |  1  2  3  4  5  6  7  8  9 |
---------------+----------------------------+-----
Maces & Flails | 2 3 5 6 7 |  7.7
Armour         | 1 2 3 4 5 |  5.5
Evocations     | 1 2 3 4 5 |  5.0
Fighting       | 3 4 5 |  5.2
Dodging        | |  1.5
Stealth        | |  2.7

Action                   |  1- 3 |  4- 6 |  7- 9 || total
-------------------------+-------+-------+-------++-------
Melee: Mace              |    69 |   275 |   389 ||   733
       Dagger            |       |       |   211 ||   211
       Scimitar          |       |       |    91 ||    91
       Flail             |       |       |    43 ||    43
Evoke: Wand              |       |       |     3 ||     3
  Use: Scroll            |     3 |     2 |    12 ||    17
       Potion            |     1 |       |     3 ||     4
 Stab: Sleeping          |     4 |     5 |     6 ||    15
       Paralysed         |       |       |     4 ||     4
Armor: Robe              |    27 |   128 |   251 ||   406
Dodge: Dodged            |    38 |   184 |   447 ||   669
       Rpst.: Scimitar   |       |       |    23 ||    23
